 Dungeon Crawl Stone Soup version 0.31.0-11-ge490571c62 (webtiles) character file.

Game seed: 3921680817232457982

65 Sobieck the Sneak (level 3, -2/30 HPs)
             Began as a Demigod Brigand on Jan 29, 2024.
             Slain by a river rat (6 damage)
             ... on level 3 of the Dungeon.
             The game lasted 00:06:11 (2158 turns).

Sobieck the Sneak (Demigod Brigand)                 Turns: 2158, Time: 00:06:12

Health: -2/30      AC:  6    Str: 12    XL:     3   Next: 67%
Magic:  5/5        EV: 11    Int: 19    God:
Gold:   25         SH:  0    Dex: 19    Spells: 2/2 levels left

rFire   . . .        a - +0 falchion
rCold   . . .        (no shield)
rNeg    . . .        m - +0 ring mail
rPois   .            (no helmet)
rElec   .            c - +0 cloak
rCorr   .            (no gloves)
SInv    .            (no boots)
Will    .....        (no amulet)
Stlth   ++           g - +6 ring of intelligence
HPRegen 0.25/turn    (no ring)
MPRegen 0.09/turn

%: no passive effects
@: hasted, very quick
A: high MP 1, forlorn, divine attributes
a: no special abilities


You were on level 3 of the Dungeon.
You visited 1 branch of the dungeon, and saw 3 of its levels.

You collected 95 gold pieces.
You spent 70 gold pieces at shops.

Inventory:

Hand Weapons
 a - a +0 falchion (weapon)
 b - a +2 dagger
 n - a +0 great sword
Missiles
 k - 9 poisoned darts
 F - 3 curare-tipped darts
Armour
 c - a +0 cloak (worn)
 d - a +0 robe
 m - a +0 ring mail (worn)
 r - a +0 pair of boots
Jewellery
 g - a +6 ring of intelligence (left hand)
Wands
 V - a wand of flame (4)
Scrolls
 e - a scroll of acquirement {unknown}
 h - 3 scrolls of noise
 i - a scroll of poison {unknown}
 o - a scroll of teleportation {unknown}
Potions
 f - 2 potions of attraction
 l - a potion of magic
 q - a potion of curing {unknown}
 H - a potion of haste


   Skills:
 + Level 2.7 Fighting
 - Level 1.7(2.1) Short Blades
 + Level 1.6(2.0) Long Blades
 - Level 1.7 Throwing
 + Level 2.0 Dodging
 - Level 3.6 Stealth


You had 2 spell levels left.
You didn't know any spells.
Your spell library contained the following spells:

 Spells                   Type           Power      Damage    Failure   Level
 Fugue of the Fallen      Necr           0%         N/A       80%         3
 Ozocubu's Armour         Ice            0%         N/A       80%         3
 Manifold Assault         Tloc           0%         N/A       99%         4


Dungeon Overview and Level Annotations

Branches:
Dungeon (3/15)

Shops:
D:2 ?


Innate Abilities, Weirdness & Mutations

You have an increased reservoir of magic. (+10% MP)
You shall have no god before yourself.
Your divine heritage dramatically boosts your attributes as you level up.


Message History

Unknown command.
You barely miss the adder.
The adder is almost dead.
You feel sick. The adder bites you.
* * * LOW HITPOINT WARNING * * *
Unknown command.
You feel much better.
You feel sick. The adder bites you.
You are more poisoned.
The adder poisons you! The adder closely misses you.
Unknown command.
You feel very sick. The adder attacks as it pursues you!
The adder barely misses you. The adder closely misses you.
The river rat twitches its whiskers.
You feel sick. The adder barely misses you. The adder closely misses you.
You feel sick. The adder closely misses you.
You feel sick. The adder attacks as it pursues you!
The adder barely misses you. The adder bites you but does no damage.
You feel sick.
You are no longer poisoned.
The adder bites you but does no damage. The adder bites you.
* * * LOW HITPOINT WARNING * * *
You are poisoned.
The adder poisons you!
You feel sick. The adder bites you but does no damage.
Unknown command.
You slash the adder!
You kill the adder!
You feel sick.
Unknown command.
You hit the river rat but do no damage.
You feel sick. The river rat bites you.
* * * LOW HITPOINT WARNING * * *
You barely miss the river rat.
You feel sick.
You are no longer poisoned.
The river rat bites you.
* * * LOW HITPOINT WARNING * * *
The river rat closely misses you.
You hit the river rat but do no damage. The river rat bites you.
* * * LOW HITPOINT WARNING * * *
Unknown command.
You hit the river rat but do no damage. The river rat bites you.
* * * LOW HITPOINT WARNING * * *
Unknown command.
You hit the river rat.
The river rat is moderately wounded.
The river rat bites you but does no damage.
It was a potion of haste.
You feel yourself speed up.
H - a potion of haste The river rat bites you.
You die...

##~# #†#.# ~~#
# #.#.#
####~#~# #†#.#
#~~r~~~# #.#.#
#~#########†..#
#~r~~~~~~~#.###
#####~#~#~~#.#
#..~r~~~.~...#
#..@.~.......#
#...........##
##..........#
############


You could see a river rat.

Vanquished Creatures
  An adder (D:3)
  3 ribbon worms
  7 dart slugs
  An endoplasm (D:2)
  A giant cockroach (D:2)
  3 goblins
  3 hobgoblins
  A quokka (D:2)
  4 ball pythons
  2 bats (D:1)
  3 frilled lizards
  6 kobolds
  6 rats
41 creatures vanquished.

Notes
Turn   | Place    | Note
-------+----------+-------------------------------------------
     0 | D:1      | Sobieck the Demigod Brigand began the quest for the Orb.
     0 | D:1      | Reached XP level 1. HP: 17/17 MP: 3/3
    68 | D:1      | Reached skill level 1 in Dodging
   361 | D:1      | Reached XP level 2. HP: 24/24 MP: 4/4
   867 | D:2      | Found Ytoynu's Magic Scroll Boutique.
   900 | D:2      | Bought a scroll of identify for 28 gold pieces
   970 | D:2      | Reached skill level 1 in Long Blades
  1198 | D:2      | Bought 3 scrolls of noise for 42 gold pieces
  1266 | D:2      | Reached XP level 3. HP: 23/30 MP: 5/5
  2158 | D:3      | Slain by a river rat

Illustrated notes

Levels and vault maps discovered:
D:1:      dpeg_arrival_pond, layout_loops_ring
D:2:      layout_loops_ring, serial_shops, nicolae_shop_tiny_waterfront,
          st_stairs_7
D:3:      kennysheep_slugbush, layout_loops_ring, lightli_sewer_entry_pipes

Skill      XL: |  1  2  3 |
---------------+----------+-----
Dodging        | 1 2 |  2.0
Fighting       | 2 |  2.7
Long Blades    | 1 |  1.6
Short Blades   | |  1.7
Throwing       | |  1.7
Stealth        | |  3.6

Action                     || total
---------------------------++-------
  Melee: Dagger            ||    13
         Falchion          ||    94
         Punch             ||     2
         Great sword       ||    25
    Use: Scroll            ||     3
         Potion            ||     2
   Stab: Sleeping          ||    14
 Armour: Robe              ||    43
         Ring mail         ||    58
  Dodge: Dodged            ||    76
